 Dungeon Crawl Stone Soup version 0.28-a0-1190-g77e1c55843 (webtiles) character file.

Game seed: 10253490283278885549

45 enile the Chucker (level 3, -3/22 (24) HPs)
             Began as an Octopode Wanderer on Dec 18, 2021.
             Was a Follower of Dithmenos.
             Slain by a gnoll (5 damage)
             ... on level 1 of the Dungeon.
             The game lasted 00:04:14 (1586 turns).

enile the Chucker (Octopode Wanderer)               Turns: 1586, Time: 00:04:14

HP:   -3/22 (24)    AC:  1    Str: 17    XL:     3   Next: 64%
MP:   3/3           EV: 13    Int: 10    God:    Dithmenos [*.....]
Gold: 57            SH:  0    Dex: 11    Spells: 2/2 levels left

rFire   . . .      SeeInvis .   a - +2 dagger
rCold   . . .      Faith    .   (no shield)
rNeg    . . .      Spirit   .   (helmet restricted)
rPois   .          Reflect  .   (no amulet)
rElec   .          Harm     .   (no ring)
rCorr   .          Rampage  .   (no ring)
Will    .....                   (no ring)
Stlth   +++.......              (no ring)
HPRegen 0.07/turn               (no ring)
MPRegen 0.08/turn               (no ring)
                                (no ring)
                                (no ring)

@: wreathed by umbra, drained
A: almost no armour, amphibious, 8 rings, camouflage 1, gelatinous body 1,
(nimble swimmer 1), tentacles
a: Renounce Religion


You were on level 1 of the Dungeon.
You worshipped Dithmenos.
Dithmenos was aware of your devotion.
You visited 1 branch of the dungeon, and saw 2 of its levels.

You collected 57 gold pieces.

Inventory:

Hand Weapons
 a - a +2 dagger (weapon)
 c - a +0 spear
 h - a +0 short sword
 i - a +0 club
 k - a +0 spear
Missiles
 b - 2 curare-tipped darts
 g - 17 stones (quivered)
Scrolls
 f - a scroll of identify {unknown}
Potions
 d - a potion of curing
 e - a potion of berserk rage {unknown}
 j - a potion of might {unknown}


   Skills:
 + Level 2.0 Fighting
 - Level 2.0 Short Blades
 - Level 3.0 Polearms
 - Level 4.0 Throwing
 - Level 2.0 Dodging
 - Level 2.0 Stealth


You had 2 spell levels left.
You didn't know any spells.
Your spell library contained the following spells:

 Spells                   Type           Power      Damage    Failure   Level
 Ozocubu's Armour         Ice            0%         N/A       75%         3
 Ozocubu's Refrigeration  Ice            0%         4d5       100%        7


Dungeon Overview and Level Annotations

Branches:
Dungeon (2/15)

Altars:
Dithmenos


Innate Abilities, Weirdness & Mutations

You cannot wear most types of armour.
You are amphibious.
You can wear up to eight rings at the same time.
Your skin changes colour to match your surroundings (Stealth+).
Your rubbery body absorbs attacks. (AC +1, EV +1)
((You are camouflaged near water. (Stealth+)))
You have tentacles for arms and can constrict up to eight enemies at once.


Message History

You need to enable at least one skill for training.
Okay, then.
You climb upwards.
There is a stone staircase leading down here.
You start resting.
HP restored.
You climb downwards.
There is a stone staircase leading up, spattered with blood here.
Things that are here:
a +0 spear; a gnoll corpse; a quokka skeleton
k - a +0 spear A gnoll is nearby!
The gnoll shouts!
You hit the gnoll. Your grab misses the gnoll. You squeeze the gnoll.
The gnoll is moderately wounded.
You hear a shout!
The gnoll completely misses you.
The gnoll hits you from afar with a +0 spear.
Things that are here:
a gnoll corpse; a quokka skeleton
There is a stone staircase leading up, spattered with blood here.
The gnoll hits you with a +0 flail of draining!
Ouch! That really hurt!
* * * LOW HITPOINT WARNING * * *
You feel drained.
* * * LOW HITPOINT WARNING * * *
The gnoll barely misses you.
You climb upwards.
There is a stone staircase leading down here.
Press: ? - help, v - describe, . - travel
Here: a gnoll, wielding a +0 flail of draining (moderately wounded, umbra)
The floor.
There is an open door here.
Press: ? - help, . - travel You can't see that place. [the floor.]
Okay, then.
Okay, then.
The gnoll hits you with a +0 flail of draining.
You die...

#.# # #.# # ##### #.# #
....# #######.### #
###.####.........# #
#............#.#.# #
....####.####_##.# # #.###
#.# #..#..# ###########
#.# #.# #....@#
#........## #.# #.#
##...g# #.######.## #.#
#.# ##...######.######.##
#.#
#.#####..............##.##
#.#
#.........######.###.##.##
#.### #######'###
#........# #...# ##...##
#.###.##### ###.##
##.....## #######...#
#..##
##.......######..##.###.


You could see a gnoll.

Vanquished Creatures
  An adder (D:2)
  A gnoll (D:2)
  3 dart slugs (D:1)
  4 bats (D:1)
  3 endoplasms (D:1)
  A giant cockroach (D:1)
  A goblin (D:1)
  A hobgoblin (D:1)
  A quokka (D:2)
  A frilled lizard (D:1)
  2 kobolds (D:1)
19 creatures vanquished.

Notes
Turn   | Place    | Note
-------+----------+-------------------------------------------
     0 | D:1      | enile the Octopode Wanderer began the quest for the Orb.
     0 | D:1      | enile set off with the following items: a +2 dagger, 2
                  | curare-tipped darts, a +0 spear, a potion of curing
     0 | D:1      | Reached XP level 1. HP: 14/14 MP: 1/1
   455 | D:1      | Reached skill level 1 in Dodging
   491 | D:1      | Reached XP level 2. HP: 19/19 MP: 2/2
  1079 | D:1      | Found a faded altar of an unknown god.
  1096 | D:1      | Prayed at the altar of an unknown god.
  1096 | D:1      | Became a worshipper of Dithmenos the Shadowed
  1096 | D:1      | Reached * piety under Dithmenos
  1275 | D:1      | Reached skill level 1 in Short Blades
  1275 | D:1      | Reached XP level 3. HP: 24/24 MP: 3/3
  1586 | D:1      | Slain by a gnoll

Illustrated notes

Levels and vault maps discovered:
D:1:      dpeg_arrival_signposts, layout_loops_corners,
          ebering_ecumenical_altar_rust
D:2:      layout_basic

Skill      XL: |  1  2  3 |
---------------+----------+-----
Stealth        | 2 |  2.0
Dodging        | 1 2 |  2.0
Short Blades   | 1 2 |  2.0
Fighting       | |  2.0
Polearms       | |  3.0
Throwing       | |  4.0

Action                   || total
-------------------------++-------
Melee: Dagger            ||    39
       Tentacles         ||     8
       Constrict         ||     9
Throw: Stone             ||    11
 Stab: Sleeping          ||     3
Armor: Skin              ||     4
Dodge: Dodged            ||    17

Table legend: (Time is in decaauts)
 A = Elapsed time spent in this place.
 B = Non-inter-level travel time spent in this place.
 C = Inter-level travel time spent in this place.
 D = Time resting spent in this place.
 E = Time spent auto-exploring this place.
 F = Levels seen in this place.
 G = Mean time per level.
                   A        B        C        D        E       F      G
               +--------+--------+--------+--------+--------+-----+--------+
         Total |   1585 |   1563 |     22 |    128 |   1242 |   2 |  792.5 |
       Dungeon |   1585 |   1563 |     22 |    128 |   1242 |   2 |  792.5 |
               +--------+--------+--------+--------+--------+-----+--------+

Top non-repeatable levels by time:
     D:1: 1438 daAuts
     D:2: 147 daAuts
